 Dungeon Crawl Stone Soup version 0.24-a0-451-g263dff2034 (webtiles) character file.

Game seed: 11328840516069025325

15 PgLoLo the Insei (level 2, 0/23 HPs)
             Began as a Gnoll Transmuter on June 26, 2019.
             Slain by Natasha (2 damage)
             ... on level 2 of the Dungeon.
             The game lasted 00:01:02 (912 turns).

PgLoLo the Insei (Gnoll Transmuter)                  Turns: 912, Time: 00:01:03

Health: 0/23       AC:  2    Str: 12    XL:     2   Next: 50%
Magic:  6/7        EV: 14    Int: 15    God:
Gold:   18         SH:  0    Dex: 15    Spells: 9/10 levels left

rFire    . . .     SeeInvis .   c - +0 club
rCold    . . .     Gourm    .   (no shield)
rNeg     . . .     Faith    .   b - +0 robe
rPois    .         Spirit   .   (no helmet)
rElec    .         Reflect  .   (no cloak)
rCorr    .         Harm     .   (no gloves)
MR       .....                  (no boots)
Stlth    ++........             (no amulet)
HPRegen  0.07/turn              (no ring)
MPRegen  0.10/turn              (no ring)

@: appendage, slowed, very slow
A: distributed training, fangs 1, horns 2, strong nose
a: End Transformation


You were on level 2 of the Dungeon.
You were not hungry.
You had grown temporary horns.
You visited 1 branch of the dungeon, and saw 2 of its levels.

You collected 18 gold pieces.

Inventory:

Hand Weapons
 c - a +0 club (weapon)
Missiles
 a - 21 arrows
Armour
 b - a +0 robe (worn)
Scrolls
 e - 3 scrolls of identify {unknown}
 f - a scroll of teleportation {unknown}
Potions
 g - a potion of lignification {unknown}
 h - 2 potions of heal wounds {unknown}
Comestibles
 d - a ration


   Skills:
 + Level 2.5 Fighting
 + Level 0.4 Short Blades
 + Level 0.4 Long Blades
 + Level 0.4 Axes
 + Level 0.4 Maces & Flails
 + Level 0.4 Polearms
 + Level 0.4 Staves
 + Level 0.4 Slings
 + Level 0.4 Bows
 + Level 0.4 Crossbows
 + Level 0.4 Throwing
 + Level 0.4 Armour
 + Level 4.5 Dodging
 + Level 0.4 Stealth
 + Level 0.4 Shields
 + Level 6.5 Unarmed Combat
 + Level 4.9 Spellcasting
 + Level 0.2 Conjurations
 + Level 0.2 Hexes
 + Level 0.2 Charms
 + Level 0.2 Summonings
 + Level 0.2 Necromancy
 + Level 0.2 Translocations
 + Level 3.7 Transmutations
 + Level 0.2 Fire Magic
 + Level 0.2 Ice Magic
 + Level 0.2 Air Magic
 + Level 0.2 Earth Magic
 + Level 0.2 Poison Magic
 + Level 0.5 Invocations
 + Level 0.4 Evocations


You had 9 spell levels left.
You knew the following spells:

 Your Spells              Type           Power        Failure   Level  Hunger
a - Beastly Appendage     Tmut           ##....       3%          1    None

Your spell library contained the following spells:

 Spells                   Type           Power        Failure   Level  Hunger
 Sticks to Snakes         Tmut           ##......     5%          2    ##.....
 Spider Form              Tmut/Pois      #.........   22%         3    ###....
 Ice Form                 Ice/Tmut       #.......     58%         4    ####...
 Blade Hands              Tmut           ##........   69%         5    ######.


Dungeon Overview and Level Annotations

Branches:
Dungeon (2/15)

Altars:

Annotations:
D:2 Natasha


Innate Abilities, Weirdness & Mutations

Your experience applies equally to all skills.
You have very sharp teeth.
Your uncanny sense of smell can sniff out nearby items.
You have a pair of horns on your head.


Message History

The shadow imp grins evilly.
Natasha claws you.
You barely miss Natasha.
Natasha is heavily wounded.
Natasha closely misses you.
Casting: Beastly Appendage (safe; 3% risk of failure)
Confirm with . or Enter, or press ? or * to list all spells.
You extend your transformation's duration.
Natasha claws you but does no damage. x2
There are monsters nearby!
You hit Natasha but do no damage. Your headbutt misses Natasha.
Your bite misses Natasha.
Natasha is heavily wounded.
Natasha claws you!
* * * LOW HITPOINT WARNING * * *
Natasha barely misses you.
You barely miss Natasha. Your headbutt misses Natasha.
Natasha is heavily wounded.
Natasha barely misses you. Natasha claws you.
You die...

∆
#.############
#..5h@<.......
######.#######
.... ##.#.#
..#.# ### #


You could see Natasha and a shadow imp.

Vanquished Creatures
  A dart slug (D:1)
  A ball python (D:1)
  A bat (D:1)
  5 goblins (D:1)
  2 hobgoblins (D:1)
  A frilled lizard (D:1)
  A rat (D:1)
12 creatures vanquished.

Notes
Turn   | Place    | Note
-------+----------+-------------------------------------------
     0 | D:1      | PgLoLo the Gnoll Transmuter began the quest for the Orb.
     0 | D:1      | Reached XP level 1. HP: 17/17 MP: 6/6
    96 | D:1      | Reached XP level 2. HP: 17/23 MP: 5/7
   896 | D:2      | Noticed Natasha
   912 | D:2      | Slain by Natasha

Levels and vault maps discovered:
D:1:      dpeg_arrival_round_a, layout_basic
D:2:      layout_basic, serial_bayou_lake_a, uniq_natasha

Action                   || total
-------------------------++-------
Melee: Club              ||    44
       Bite              ||     6
       Kick              ||     8
       Unarmed           ||     2
       Headbutt          ||     1
 Cast: Beastly Appendage ||    10
 Stab: Sleeping          ||     1
Armor: Robe              ||     9
Dodge: Dodged            ||    31

Table legend:
 A = Non-vault XP
 B = Vault XP
 C = Vault XP percentage of total XP
 D = Non-vault monster count
 E = Vault monster count
 F = Vault count percentage of total count
                 A         B        C        D         E       F
            +---------+---------+-------+---------+---------+-------
      Total |      22 |       0 |   0.0 |      12 |       0 |   0.0
            +---------+---------+-------+---------+---------+-------
        D:1 |      22 |       0 |   0.0 |      12 |       0 |   0.0
            +---------+---------+-------+---------+---------+-------
